TOP OF THE 1ST |
Wizarding Express batting - Pitching for Capital District Red Knights : RHP Sexto Rodríguez
|
Pitching: RHP Sexto Rodríguez
|
|
Batting: LHB Nathan Tanner
|
0-0: Called Strike 0-1: Fly out, F7 (Flyball, 7LSF)
|
Batting: SHB Félix Cruz
|
0-0: Ball 1-0: Called Strike 1-1: Ball 2-1: Ball 3-1: Base on Balls
|
Batting: RHB Cole Shaffer
|
0-0: Ball 1-0: Called Strike 1-1: Ball 2-1: Ball 3-1: Called Strike 3-2: Base on Balls Félix Cruz to second
|
Batting: RHB Tenshin Ichikawa
|
0-0: Called Strike 0-1: SINGLE (Groundball, 34D) Félix Cruz to third Cole Shaffer to second
|
Batting: LHB Júlio Valentín
|
0-0: Fly out, F9 (Flyball, 9LD) Runner from 3rd tags up, SCORES, no throw Cole Shaffer to third
|
Batting: RHB Rafael Arredondo
|
0-0: Foul Ball, location: 2F 0-1: Ball 1-1: Swinging Strike 1-2: Ground out 5-3 (Groundball, 5L)
|
Top of the 1st over - 1 run(s), 1 hit(s), 0 error(s), 2 left on base; Wizarding 1 - Capital District 0 |
BOTTOM OF THE 1ST |
Capital District Red Knights batting - Pitching for Wizarding Express : LHP Todd Hines
|
Pitching: LHP Todd Hines
|
|
Batting: RHB Mark Field
|
0-0: Ball 1-0: Ball 2-0: Called Strike 2-1: Ground out 5-3 (Groundball, 5S)
|
Batting: RHB Danilo Mosca
|
0-0: Ball 1-0: Ball 2-0: Swinging Strike 2-1: Foul Ball, location: 2F 2-2: Ball 3-2: SINGLE (Line Drive, 56D)
|
Batting: SHB Bernardo Hernández
|
0-0: Ball 1-0: Swinging Strike 1-1: Ball Danilo Mosca steals 2nd base 2-1: Foul Ball, location: 2F 2-2: Strikes out swinging
|
Batting: RHB Barry Dempsey
|
0-0: Ball 1-0: Swinging Strike 1-1: Ball 2-1: Foul Ball, location: 2F 2-2: Foul Ball, location: 2F 2-2: Strikes out looking
|
Bottom of the 1st over - 0 run(s), 1 hit(s), 0 error(s), 1 left on base; Wizarding 1 - Capital District 0 |
TOP OF THE 2ND |
Wizarding Express batting - Pitching for Capital District Red Knights : RHP Sexto Rodríguez
|
Batting: LHB Kyung-chor Pang
|
0-0: Ball 1-0: Called Strike 1-1: Called Strike 1-2: Ground out 5-3 (Groundball, 5S)
|
Batting: SHB Eugene Parrish
|
0-0: Ball 1-0: Ball 2-0: Ball 3-0: Base on Balls
|
Batting: RHB Michael Montgomery
|
0-0: Fly out, F9 (Flyball, 9LM) 0-0: Fly out, F9 (Flyball, 9LM)
|
Batting: LHB Nathan Tanner
|
0-0: Ball 1-0: Foul Ball, location: 2F 1-1: Ball 2-1: Called Strike 2-2: Ball 3-2: Foul Ball, location: 2F 3-2: Base on Balls Eugene Parrish to second
|
Batting: SHB Félix Cruz
|
0-0: Called Strike 0-1: Called Strike 0-2: Ball 1-2: Foul Ball, location: 2F 1-2: Foul Ball, location: 2F 1-2: Fly out, F9 (Line Drive, 89S)
|
Top of the 2nd over - 0 run(s), 0 hit(s), 0 error(s), 2 left on base; Wizarding 1 - Capital District 0 |
BOTTOM OF THE 2ND |
Capital District Red Knights batting - Pitching for Wizarding Express : LHP Todd Hines
|
Batting: SHB Joreăo Canosa
|
0-0: Ball 1-0: Swinging Strike 1-1: Ball 2-1: Called Strike 2-2: Ball 3-2: Strikes out swinging
|
Batting: RHB Henry Cameron
|
0-0: Ball 1-0: Foul Ball, location: 2F 1-1: Ground out 6-3 (Groundball, 4M)
|
Batting: RHB Chang-bum Pak
|
0-0: Called Strike 0-1: SINGLE (Line Drive, 56D)
|
Batting: RHB Tom Christensen
|
0-0: Ball 1-0: Swinging Strike 1-1: Swinging Strike 1-2: Ball 2-2: Foul Ball, location: 2F 2-2: Ball 3-2: Foul Ball, location: 2F 3-2: Strikes out swinging
|
Bottom of the 2nd over - 0 run(s), 1 hit(s), 0 error(s), 1 left on base; Wizarding 1 - Capital District 0 |
TOP OF THE 3RD |
Wizarding Express batting - Pitching for Capital District Red Knights : RHP Sexto Rodríguez
|
Batting: RHB Cole Shaffer
|
0-0: Called Strike 0-1: Ball 1-1: Fly out, F4 (Popup, 4)
|
Batting: RHB Tenshin Ichikawa
|
0-0: Ball 1-0: Called Strike 1-1: Swinging Strike 1-2: Ball 2-2: Strikes out swinging
|
Batting: LHB Júlio Valentín
|
0-0: Ground out 6-3 (Groundball, 6)
|
Top of the 3rd over - 0 run(s), 0 hit(s), 0 error(s), 0 left on base; Wizarding 1 - Capital District 0 |
BOTTOM OF THE 3RD |
Capital District Red Knights batting - Pitching for Wizarding Express : LHP Todd Hines
|
Batting: RHB Manny Carbajal
|
0-0: Swinging Strike 0-1: Fly out, F4 (Popup, 4M)
|
Batting: RHB Mark Field
|
0-0: Called Strike 0-1: Foul Ball, location: 2F 0-2: Fly out, F8 (Flyball, 8LM)
|
Batting: RHB Danilo Mosca
|
0-0: Ball 1-0: Ball 2-0: Ground out 4-3 (Groundball, 4)
|
Bottom of the 3rd over - 0 run(s), 0 hit(s), 0 error(s), 0 left on base; Wizarding 1 - Capital District 0 |
TOP OF THE 4TH |
Wizarding Express batting - Pitching for Capital District Red Knights : RHP Sexto Rodríguez
|
Batting: RHB Rafael Arredondo
|
0-0: Ball 1-0: Foul Ball, location: 2F 1-1: Called Strike 1-2: Ground out 1-3 (Groundball, 15)
|
Batting: LHB Kyung-chor Pang
|
0-0: Ball 1-0: Called Strike 1-1: Swinging Strike 1-2: Strikes out swinging
|
Batting: SHB Eugene Parrish
|
0-0: Ball 1-0: Ball 2-0: Ball 3-0: Base on Balls
|
Batting: RHB Michael Montgomery
|
0-0: Fly out, F9 (Flyball, 9LM)
|
Top of the 4th over - 0 run(s), 0 hit(s), 0 error(s), 1 left on base; Wizarding 1 - Capital District 0 |
BOTTOM OF THE 4TH |
Capital District Red Knights batting - Pitching for Wizarding Express : LHP Todd Hines
|
Batting: SHB Bernardo Hernández
|
0-0: Ball 1-0: Ball 2-0: Fly out, F8 (Flyball, 8LXD)
|
Batting: RHB Barry Dempsey
|
0-0: Called Strike 0-1: Ball 1-1: Ground out U3 (Groundball, 3S)
|
Batting: SHB Joreăo Canosa
|
0-0: Foul Ball, location: 2F 0-1: Ball 1-1: Ball 2-1: Ball 3-1: Foul Ball, location: 2F 3-2: Fly out, F7 (Flyball, 7D)
|
Bottom of the 4th over - 0 run(s), 0 hit(s), 0 error(s), 0 left on base; Wizarding 1 - Capital District 0 |
TOP OF THE 5TH |
Wizarding Express batting - Pitching for Capital District Red Knights : RHP Sexto Rodríguez
|
Batting: LHB Nathan Tanner
|
0-0: Called Strike 0-1: Ball 1-1: Ground out U3 (Groundball, 3)
|
Batting: SHB Félix Cruz
|
0-0: Called Strike 0-1: Called Strike 0-2: Ball 1-2: Strikes out swinging
|
Batting: RHB Cole Shaffer
|
0-0: Swinging Strike 0-1: Ball 1-1: Called Strike 1-2: Ball 2-2: Ball 3-2: Strikes out swinging
|
Top of the 5th over - 0 run(s), 0 hit(s), 0 error(s), 0 left on base; Wizarding 1 - Capital District 0 |
BOTTOM OF THE 5TH |
Capital District Red Knights batting - Pitching for Wizarding Express : LHP Todd Hines
|
Batting: RHB Henry Cameron
|
0-0: Ball 1-0: Called Strike 1-1: Ground out 6-3 (Groundball, 6)
|
Batting: RHB Chang-bum Pak
|
0-0: Ball 1-0: Foul Ball, location: 2F 1-1: Swinging Strike 1-2: Ball 2-2: Ball 3-2: Base on Balls
|
Batting: RHB Tom Christensen
|
0-0: Called Strike 0-1: Ground out 4-3 (Groundball, 4M) Chang-bum Pak to second
|
Batting: RHB Manny Carbajal
|
0-0: Ball 1-0: Foul Ball, location: 2F 1-1: Ball 2-1: Foul Ball, location: 2F 2-2: Strikes out swinging
|
Bottom of the 5th over - 0 run(s), 0 hit(s), 0 error(s), 1 left on base; Wizarding 1 - Capital District 0 |
TOP OF THE 6TH |
Wizarding Express batting - Pitching for Capital District Red Knights : RHP Sexto Rodríguez
|
Batting: RHB Tenshin Ichikawa
|
0-0: Fly out, F7 (Flyball, 7LM)
|
Batting: LHB Júlio Valentín
|
0-0: Ball 1-0: Foul Ball, location: 2F 1-1: SOLO HOME RUN (Line Drive, 8RXD), Distance : 435 ft
|
Batting: RHB Rafael Arredondo
|
0-0: Called Strike 0-1: Ball 1-1: Ground out 1-3 (Groundball, 13)
|
Batting: LHB Kyung-chor Pang
|
0-0: Ball 1-0: Ball 2-0: Called Strike 2-1: Ball 3-1: Base on Balls
|
Batting: SHB Eugene Parrish
|
0-0: Foul Ball, location: 2F 0-1: Ball 1-1: Ball 2-1: Ball 3-1: Foul Ball, location: 2F 3-2: Strikes out looking
|
Top of the 6th over - 1 run(s), 1 hit(s), 0 error(s), 1 left on base; Wizarding 2 - Capital District 0 |
BOTTOM OF THE 6TH |
Capital District Red Knights batting - Pitching for Wizarding Express : LHP Todd Hines
|
Batting: RHB Mark Field
|
0-0: Ball 1-0: Called Strike 1-1: Fly out, F7 (Line Drive, 78M)
|
Batting: RHB Danilo Mosca
|
0-0: Ball 1-0: Called Strike 1-1: Swinging Strike 1-2: Fly out, F4 (Popup, 34)
|
Batting: SHB Bernardo Hernández
|
0-0: Ball 1-0: SINGLE (Line Drive, 6)
|
Batting: RHB Barry Dempsey
|
0-0: Foul Ball, location: 2F 0-1: Ball 1-1: Called Strike 1-2: Strikes out looking
|
Bottom of the 6th over - 0 run(s), 1 hit(s), 0 error(s), 1 left on base; Wizarding 2 - Capital District 0 |
TOP OF THE 7TH |
Wizarding Express batting - Pitching for Capital District Red Knights : RHP Sexto Rodríguez
|
Pitching: RHP Richard Brown
|
|
Batting: RHB Michael Montgomery
|
0-0: Called Strike 0-1: Fly out, F8 (Popup, 6MD)
|
Batting: LHB Nathan Tanner
|
0-0: Ball 1-0: Called Strike 1-1: Called Strike 1-2: Foul Ball, location: 2F 1-2: Ball 2-2: Foul Ball, location: 2F 2-2: Ball 3-2: Strikes out swinging
|
Batting: SHB Félix Cruz
|
0-0: Ball 1-0: Ball 2-0: Ball 3-0: Called Strike 3-1: Called Strike 3-2: Strikes out looking
|
Top of the 7th over - 0 run(s), 0 hit(s), 0 error(s), 0 left on base; Wizarding 2 - Capital District 0 |
BOTTOM OF THE 7TH |
Capital District Red Knights batting - Pitching for Wizarding Express : LHP Todd Hines
|
Batting: SHB Joreăo Canosa
|
0-0: Called Strike 0-1: Called Strike 0-2: Foul Ball, location: 2F 0-2: Foul Ball, location: 2F 0-2: Strikes out swinging
|
Pitching: RHP Enrico Reséndez
|
|
Batting: RHB Henry Cameron
|
0-0: Swinging Strike 0-1: Ball 1-1: Swinging Strike 1-2: Ball 2-2: Strikes out swinging
|
Batting: RHB Chang-bum Pak
|
0-0: Ball 1-0: Ground out 5-3 (Groundball, 5L)
|
Bottom of the 7th over - 0 run(s), 0 hit(s), 0 error(s), 0 left on base; Wizarding 2 - Capital District 0 |
TOP OF THE 8TH |
Wizarding Express batting - Pitching for Capital District Red Knights : RHP Richard Brown
|
Pitching: RHP Paul Clark
|
|
Batting: RHB Cole Shaffer
|
0-0: Called Strike 0-1: Ball 1-1: Called Strike 1-2: Foul Ball, location: 2F 1-2: SINGLE (Groundball, 6MD)
|
Batting: RHB Tenshin Ichikawa
|
0-0: Swinging Strike 0-1: Reached on error, E6 (Groundball, 6) Cole Shaffer to second
|
Batting: LHB Júlio Valentín
|
0-0: Called Strike 0-1: Ball 1-1: Ball 2-1: Ball 3-1: SINGLE (Groundball, 4M) Cole Shaffer to third Tenshin Ichikawa to second Runner from 3rd tries for Home, SAFE, no throw or cutoff
|
Batting: RHB Rafael Arredondo
|
0-0: Foul Ball, location: 2F 0-1: Foul Ball, location: 2F 0-2: Fly out, F8 (Flyball, 8RM)
|
Batting: LHB Kyung-chor Pang
|
0-0: Foul Ball, location: 2F 0-1: Ball 1-1: Ball 2-1: Foul Ball, location: 2F 2-2: Fly out, F7 (Flyball, 7S)
|
Batting: SHB Eugene Parrish
|
0-0: Foul Ball, location: 2F 0-1: Fly out, F4 (Popup, 4)
|
Top of the 8th over - 1 run(s), 2 hit(s), 1 error(s), 2 left on base; Wizarding 3 - Capital District 0 |
BOTTOM OF THE 8TH |
Capital District Red Knights batting - Pitching for Wizarding Express : RHP Enrico Reséndez
|
Batting: RHB Tom Christensen
|
0-0: Ball 1-0: Ball 2-0: Ball 3-0: Base on Balls
|
Batting: RHB Manny Carbajal
|
0-0: Swinging Strike 0-1: Fly out, F3 (Popup, 3F)
|
Batting: RHB Mark Field
|
0-0: Swinging Strike 0-1: Ball 1-1: Fly out, F9 (Flyball, 9LSF)
|
Batting: RHB Danilo Mosca
|
0-0: Foul Ball, location: 2F 0-1: Ball 1-1: Foul Ball, location: 2F 1-2: Fly out, F3 (Line Drive, 3S)
|
Bottom of the 8th over - 0 run(s), 0 hit(s), 0 error(s), 1 left on base; Wizarding 3 - Capital District 0 |
TOP OF THE 9TH |
Wizarding Express batting - Pitching for Capital District Red Knights : RHP Paul Clark
|
Batting: RHB Michael Montgomery
|
0-0: Ball 1-0: Ball 2-0: Swinging Strike 2-1: Ground out 6-3 (Groundball, 6)
|
Batting: LHB Nathan Tanner
|
0-0: Fly out, F8 (Line Drive, 8LXD)
|
Batting: SHB Félix Cruz
|
0-0: Ball 1-0: Called Strike 1-1: Foul Ball, location: 2F 1-2: Strikes out looking
|
Top of the 9th over - 0 run(s), 0 hit(s), 0 error(s), 0 left on base; Wizarding 3 - Capital District 0 |
BOTTOM OF THE 9TH |
Capital District Red Knights batting - Pitching for Wizarding Express : RHP Enrico Reséndez
|
Pitching: LHP Ming-jiang Wu
|
|
Batting: SHB Bernardo Hernández
|
0-0: Called Strike 0-1: Ball 1-1: Ball 2-1: Ball 3-1: Foul Ball, location: 2F 3-2: Strikes out swinging
|
Batting: RHB Barry Dempsey
|
0-0: Ground out 1-3 (Groundball, 13)
|
Batting: SHB Joreăo Canosa
|
0-0: Ball 1-0: Ball 2-0: Ground out 4-3 (Groundball, 4M)
|
Bottom of the 9th over - 0 run(s), 0 hit(s), 0 error(s), 0 left on base; Wizarding 3 - Capital District 0 |
|